 Dungeon Crawl Stone Soup version 0.30.1-11-g7821555f0a (webtiles) character file.

Game seed: 3677821746841223284

163 Psyclone the Conjurer (level 5, 0/28 HPs)
             Began as a Deep Elf Conjurer on Nov 7, 2023.
             Succumbed to an adder's poison
             ... on level 3 of the Dungeon.
             The game lasted 00:04:21 (2710 turns).

Psyclone the Conjurer (Deep Elf Conjurer)           Turns: 2710, Time: 00:04:22

Health: 0/28       AC:  2    Str:  4    XL:     5   Next: 20%
Magic:  9/14       EV: 12    Int: 25    God:
Gold:   57         SH:  0    Dex: 13    Spells: 0/13 levels left

rFire   . . .        i - +1 dagger (speed)
rCold   . . .        (no shield)
rNeg    . . .        a - +0 robe
rPois   .            (no helmet)
rElec   .            (no cloak)
rCorr   .            (no gloves)
SInv    .            (no boots)
Will    +....        (no amulet)
Stlth   ++           (no ring)
HPRegen 0.24/turn    (no ring)
MPRegen 0.14/turn

%: no passive effects
@: lethally poisoned (0 -> -3)
A: strong-willed 1, teleportitis 1
a: no special abilities


You were on level 3 of the Dungeon.
You visited 1 branch of the dungeon, and saw 3 of its levels.

You collected 57 gold pieces.

Inventory:

Hand Weapons
 i - a +1 dagger of speed (weapon)
Armour
 a - a +0 robe (worn)
Wands
 j - a wand of paralysis (9)
Scrolls
 f - a scroll of blinking {unknown}
 h - 2 scrolls of identify {@r1}
 k - a scroll of amnesia {unknown}
Potions
 b - a potion of magic
 c - a potion of cancellation
 d - a potion of might
 e - 4 potions of curing


   Skills:
 - Level 2.4 Dodging
 - Level 2.4 Stealth
 + Level 4.8 Spellcasting
 * Level 6.4 Conjurations


You couldn't memorise any spells.
You knew the following spells:

 Your Spells              Type           Power      Damage    Failure   Level
a - Magic Dart            Conj           100%       1d8       1%          1
b - Searing Ray           Conj           76%        2d7       1%          2
d - Fulminant Prism       Conj/Hex       11%        3d9       22%         4
e - Iskenderun's Mystic   Conj/Tloc      22%        2d6       22%         4
q - Blink                 Tloc           12%        N/A       13%         2

Your spell library contained the following spells:

 Spells                   Type           Power      Damage    Failure   Level
 Momentum Strike          Conj/Tloc      44%        3d9       3%          2
 Dazzling Flash           Conj/Hex       44%        N/A       7%          3
 Lesser Beckoning         Tloc           12%        N/A       13%         2


Dungeon Overview and Level Annotations

Branches:
Dungeon (3/15) Zot: 15285

Altars:
Sif Muna

Annotations:
D:3 Natasha


Innate Abilities, Weirdness & Mutations

You are strong-willed. (Will+)
You are occasionally teleported next to monsters.


Message History

Aim: a shadow imp (almost dead, 100% to hit)
The magic dart hits the shadow imp.
The shadow imp is almost dead.
Natasha hisses angrily.
Natasha mumbles some strange words.
You now have 8/14 mp.
Casting: Magic Dart (safe; 1% risk of failure)
Confirm with . or Enter, or press ? or * to list all spells.
Aiming: Magic Dart (safe; 1% risk of failure)
Press: ? - help, Shift-Dir - straight line, f/p - shadow imp
Aim: a shadow imp (almost dead, 100% to hit)
The magic dart hits the shadow imp!
You kill the shadow imp!
Natasha casts a spell at you. The magic dart hits you!
You take 7 damage, and have 13/28 hp.
MASSIVE DAMAGE!!
The adder attacks as you move away! The adder bites you but does no damage.
The adder bites you.
You are poisoned.
The adder poisons you!
You feel sick.
You take 2 damage, and have 11/28 hp.
The adder attacks as you move away! The adder bites you.
You feel sick.
You take 3 damage, and have 8/28 hp.
You feel sick. The adder misses you.
There is a stone staircase leading up here.
You take 1 damage, and have 7/28 hp.
Natasha attacks as you move away! Natasha claws you.
* * * LOW HITPOINT WARNING * * *
Found an orange potion.
* * * LOW HITPOINT WARNING * * *
You feel sick. Natasha closely misses you.
You take 6 damage, and have 1/28 hp.
MASSIVE DAMAGE!!
Okay, then.
As you read the scroll of butterflies, it crumbles to dust.
You hear the flapping of tiny wings.
The cerulean imp is knocked back by the sudden gust.
The adder is knocked back by the sudden gust.
Natasha is knocked back by the sudden gust.
You die...

#
#..##.......#..###
# ....
............#
...#........##.#.#
#............##.#.#
..... ........#5#.#
......##..b.bbbh#b#
......bbbb#S#


##...bbbbbbb# h......#@b## ##...##bb# #### bbb# b##b# # #b .# .### # .# .#. ###
.# .. ..# .# #. #.# You could see Natasha (ally target), a cerulean imp
(summoned, ally target) and an adder (ally target).

Vanquished Creatures
  Ijyb (D:3)
  Robin (D:3)
  5 adders
  A shadow imp (D:3)
  2 worms
  2 dart slugs
  7 ball pythons
  4 endoplasms
  5 giant cockroaches
  11 goblins
  5 hobgoblins
  3 jackals (D:1)
  4 quokkas
  A bat (D:1)
  2 frilled lizards
  7 kobolds
  3 rats
64 creatures vanquished.

Notes
Turn   | Place    | Note
-------+----------+-------------------------------------------
     0 | D:1      | Psyclone the Deep Elf Conjurer began the quest for the Orb.
     0 | D:1      | Reached XP level 1. HP: 10/10 MP: 6/6
   258 | D:1      | Reached XP level 2. HP: 15/15 MP: 6/8
   389 | D:1      | Found a faded altar of an unknown god.
   717 | D:1      | Reached skill level 5 in Conjurations
   801 | D:1      | Gained mutation: You are strong-willed. (Will+) [potion of
                  | mutation]
   801 | D:1      | Gained mutation: You are occasionally teleported next to
                  | monsters. [potion of mutation]
   859 | D:2      | Identified a scroll of acquirement
   859 | D:2      | Acquired the +3 Elemental Staff {rElec rF+ rC+ AC+3}
   859 | D:2      | Found the +3 Elemental Staff {rElec rF+ rC+ AC+3}
   891 | D:2      | Reached XP level 3. HP: 19/19 MP: 5/10
  1287 | D:2      | Learned a level 2 spell: Searing Ray
  1322 | D:2      | Reached XP level 4. HP: 24/24 MP: 10/12
  1852 | D:3      | Found a shimmering blue altar of Sif Muna.
  2149 | D:3      | Noticed Robin
  2164 | D:3      | Killed Robin
  2165 | D:3      | Reached skill level 6 in Conjurations
  2372 | D:3      | Noticed Ijyb
  2379 | D:3      | Killed Ijyb
  2380 | D:3      | Reached XP level 5. HP: 28/28 MP: 4/14
  2638 | D:3      | Learned a level 4 spell: Fulminant Prism
  2643 | D:3      | Learned a level 4 spell: Iskenderun's Mystic Blast
  2646 | D:3      | Learned a level 2 spell: Blink
  2699 | D:3      | Noticed Natasha
  2709 | D:3      | HP: 1/28 [Natasha (6)]
  2710 | D:3      | Succumbed to an adder's poison

Illustrated notes

Levels and vault maps discovered:
D:1:      scummos_arrival_forest, layout_basic, basic_ecumenical_altar
D:2:      minmay_evil_eye, layout_basic, corexii_leaking_fountain,
          grunt_ministairs_4, serial_bayou_crossing
D:3:      layout_loops_ring, mainiacjoe_overflow_catwalk, chequers_arboretum,
          uniq_ijyb, uniq_robin, uniq_natasha

Skill      XL: |  1  2  3  4 |
---------------+-------------+-----
Conjurations   | 5 6 |  6.4
Spellcasting   | 4 |  4.8
Dodging        | |  2.4
Stealth        | |  2.4

Action                     |  1- 3 |  4- 6 || total
---------------------------+-------+-------++-------
  Melee: Dagger            |       |     7 ||     7
   Cast: Magic Dart        |    62 |    52 ||   114
         Searing Ray       |       |     4 ||     4
    Use: Scroll            |     2 |     3 ||     5
         Potion            |     2 |       ||     2
 Armour: Robe              |       |     3 ||     3
  Dodge: Dodged            |     1 |     9 ||    10
